 Dungeon Crawl Stone Soup version 0.28.0 (webtiles) character file.

Game seed: 15310396688230931966

124 porkupine the Skirmisher (level 4, -1/44 HPs)
             Began as a Draconian Monk on Feb 17, 2022.
             Was an Initiate of Gozag.
             Succumbed to a gnoll's poison
             ... on level 3 of the Dungeon on Feb 18, 2022.
             The game lasted 00:09:23 (2715 turns).

porkupine the Skirmisher (Draconian Monk)           Turns: 2715, Time: 00:09:23

Health: -1/44      AC:  6    Str: 14 (15) XL:     4   Next: 81%
Magic:  13/13      EV: 16    Int:  9 (10) God:    Gozag
Gold:   502        SH:  0    Dex: 12 (14) Spells: 3/3 levels left

rFire   . . .      SeeInvis .   a - +0 falchion (venom)
rCold   . . .      Faith    .   (no shield)
rNeg    . . .      Spirit   .   (armour unavailable)
rPois   .          Reflect  .   i - +1 hat
rElec   .          Harm     .   (no cloak)
rCorr   .          Rampage  .   (no gloves)
Will    .....                   (no boots)
Stlth   ++........              (no amulet)
HPRegen 0.14/turn               b - ring of magical power
MPRegen 0.13/turn               g - +4 ring of evasion

@: lethally poisoned (-1 -> -30)
A: AC +5, unfitting armour, cold-blooded
a: Renounce Religion, Potion Petition, Call Merchant, Bribe Branch


You were on level 3 of the Dungeon.
You worshipped Gozag.
Gozag was pleased with you.
You visited 1 branch of the dungeon, and saw 3 of its levels.

You collected 502 gold pieces.

Inventory:

Hand Weapons
 a - a +0 falchion of venom (weapon)
 n - a +2 vampiric trident
Armour
 i - a +1 hat (worn)
Magical Staves
 d - a staff of air
Jewellery
 b - a ring of magical power (left hand)
 f - a ring of protection from cold
 g - a +4 ring of evasion (right hand)
 k - a ring of magical power
Scrolls
 l - a scroll of teleportation
Potions
 c - a potion of might
 e - a potion of invisibility {unknown}
 h - a potion of magic {unknown}
 j - 2 potions of degeneration
 m - a potion of heal wounds {unknown}


   Skills:
 + Level 6.0 Fighting
 - Level 3.1 Long Blades
 - Level 2.8 Dodging
 - Level 1.9 Stealth


You had 3 spell levels left.
You didn't know any spells.
Your spell library contained the following spells:

 Spells                   Type           Power      Damage    Failure   Level
 Animate Skeleton         Necr           0%         N/A       38%         1
 Apportation              Tloc           0%         N/A       38%         1
 Summon Small Mammal      Summ           0%         N/A       38%         1


Dungeon Overview and Level Annotations

Branches:
Dungeon (3/15)

Altars:
Elyvilon
Gozag
Trog

Shops:
D:1 ?


Innate Abilities, Weirdness & Mutations

Your plain brown scales are hard. (AC +5)
You cannot fit into any form of body armour.
You are cold-blooded and may be slowed by cold attacks.


Message History

You now have 484 gold pieces (gained 6).
You now have 490 gold pieces (gained 6).
You now have 497 gold pieces (gained 7).
Things that are here:
a +0 dagger; 3 boomerangs You now have 502 gold pieces (gained 5).
Things that are here:
a +0 short sword; a +0 chain mail You see here a +2 vampiric trident.
n - a +2 vampiric trident 2 gnolls come into view.
A gnoll is wielding a +0 spear of venom.
The gnoll shouts! x2; You hear a shout!
A gnoll comes into view. It is wielding a +0 spear.
You barely miss the gnoll. You tail-slap the gnoll.
The gnoll is moderately wounded.
The gnoll hits you from afar with a +0 spear of venom.
You are poisoned.
The gnoll barely misses you.
You feel very sick.
The gnoll hits you with a +0 spear of venom.
You are more poisoned.
The gnoll hits you with a +0 spear!
You hit the gnoll.
The gnoll is moderately wounded.
You feel very sick. The gnoll barely misses you.
You closely miss the gnoll.
The gnoll is moderately wounded.
* * * LOW HITPOINT WARNING * * *
You feel very sick.
The gnoll hits you with a +0 spear of venom!
* * * LOW HITPOINT WARNING * * *
You are more poisoned.
The gnoll closely misses you.
It was a potion of degeneration.
There was something very wrong with that liquid.
You feel weakened.
You feel dopey.
You feel clumsy.
You die...
Your body crumbles into a pile of gold.

..........#
............... .#
..........#.#..##.. .
........###.......####..
.##...... ..............
###...### #.#.........
##...# #.#.....g.#
#....#####.#.#.g.#.#...
##..........#.#g@.......
.#....#.#.#.#.#...#.....
.#....................##
.#..###.#..#.##....#.##
...........##.#....# #
.##.###....#.##.##.#
.##....>...##.#....#
................# ..
##########......# ..


You could see 3 gnolls.

Vanquished Creatures
  Robin (D:1)
  A gnoll (D:1)
  2 adders
  2 worms (D:2)
  3 orcs (D:3)
  10 endoplasms
  3 giant cockroaches
  7 hobgoblins
  2 jackals (D:1)
  5 kobolds
  A quokka (D:1)
  5 ball pythons
  A bat (D:3)
  3 frilled lizards
  18 goblins
  4 rats
68 creatures vanquished.

Notes
Turn   | Place    | Note
-------+----------+-------------------------------------------
     0 | D:1      | porkupine the Draconian Monk began the quest for the Orb.
     0 | D:1      | Reached XP level 1. HP: 19/19 MP: 1/1
    13 | D:1      | Found a faded altar of an unknown god.
    24 | D:1      | Prayed at the altar of an unknown god.
    24 | D:1      | Became a worshipper of Gozag Ym Sagoz the Greedy
   415 | D:1      | Reached XP level 2. HP: 20/26 MP: 2/2
   498 | D:1      | Reached skill level 4 in Fighting
   512 | D:1      | Found Bur Soarch's Magic Scroll Emporium.
   823 | D:1      | Reached XP level 3. HP: 29/34 MP: 3/3
  1299 | D:2      | Noticed Robin
  1649 | D:1      | Killed Robin
  1650 | D:1      | Reached skill level 5 in Fighting
  1785 | D:2      | Reached XP level 4. HP: 42/42 MP: 4/4
  1809 | D:2      | Found a white marble altar of Elyvilon.
  2567 | D:3      | Found a bloodstained altar of Trog.
  2650 | D:3      | Reached skill level 6 in Fighting
  2715 | D:3      | Succumbed to a gnoll's poison

Illustrated notes

Levels and vault maps discovered:
D:1:      shiori_arrival_oz, layout_rooms, ebering_ecumenical_altar_box,
          serial_shops, nicolae_shop_trees, minmay_pentomino_z2
D:2:      layout_basic, basic_altar, uniq_robin
D:3:      layout_basic, trog_three_pillars_becter, led_xom_imps,
          serial_park_tiny_pond, minmay_misc_feat_more_columns,
          mrwooster_statue_mirror, minmay_misc_feat_tiny,
          minmay_increasing_density

Skill      XL: |  1  2  3  4 |
---------------+-------------+-----
Fighting       | 4 5 6 |  6.0
Long Blades    | |  3.1
Dodging        | |  2.8
Stealth        | |  1.9

Action                   |  1- 3 |  4- 6 || total
-------------------------+-------+-------++-------
Melee: Falchion          |   117 |    75 ||   192
       Tailslap          |    13 |    10 ||    23
       Punch             |     1 |     1 ||     2
  Use: Scroll            |     3 |     3 ||     6
       Potion            |       |     1 ||     1
 Stab: Distracted        |     1 |       ||     1
       Sleeping          |     2 |     7 ||     9
Armor: Skin              |    27 |    12 ||    39
Dodge: Dodged            |    97 |    62 ||   159
